cohdb
Replays
Latest Replays
All Replays
Popular Replays
Top Player Replays
Match Explorer
How It Works
Community
CoH3 Stats
Reddit
Sign in to upload your games and track your stats! →
Sign in with Steam
Match 41856867
Unlisted
Match 41856867
Overview
Messages
Build Orders
End
Construct Infanterie Kompanie
Selects Italian Coastal Battlegroup
Selects Coastal Reserves
Coastal Reserve
MG 42 Machine Gun Team
Coastal Reserve
Coastal Reserve
MG 42 Bunker
Selects Support Bunkers
Coastal Reserve
Construct Luftwaffe Kompanie
221 Scout Car
Selects Rapid Fortifications
221 Scout Car
Rapid Fortifications
Selects Artillery Officer
Mael Radec
musemacher
SoS™
Doge
清里せんめ[Monster™]
午睡红茶
XellosSlayer
[82AD] ulT1Mate
0
0
Comments
sign in to comment!
No comments posted yet!